 Dungeon Crawl Stone Soup version 0.29-a0-317-gd16b76e6b1 (webtiles) character file.

Game seed: 6161404042315532980

56586 Morbidden the Thaumaturge (level 14, -8/73 HPs)
             Began as a Vine Stalker Necromancer on Apr 1, 2022.
             Was a High Priest of Dithmenos.
             Mangled by a skeletal warrior
             ... wielding a +3 scimitar of freezing
              (12 damage)
             ... on level 12 of the Dungeon.
             The game lasted 00:45:44 (21697 turns).

Morbidden the Thaumaturge (VSNe)                   Turns: 21697, Time: 00:45:45

Health: -8/73      AC: 11    Str: 10    XL:     14   Next: 82%
Magic:  0/41       EV: 16    Int: 19    God:    Dithmenos [*****.]
Gold:   787        SH:  0    Dex: 17    Spells: 20/40 levels left

rFire   + . .      SeeInvis +   a - +7 dagger (venom)
rCold   + . .      Faith    .   (no shield)
rNeg    . . .      Spirit   +   i - +2 robe {rC+ rF+}
rPois   .          Reflect  .   m - +0 helmet
rElec   .          Harm     .   G - +0 cloak
rCorr   .          Rampage  .   X - +1 pair of gloves
Will    +....                   H - +2 pair of boots {Stlth+}
Stlth   +++++++...              f - amulet of magic regeneration
HPRegen 1.02/turn               J - ring of see invisible
MPRegen 0.67/turn               N - ring of magical power

@: about to teleport, wreathed by umbra
A: fangs 3, regeneration 1, magic shield, antimagic bite, no potion heal 2
a: Renounce Religion, Shadow Step, Shadow Form


You were on level 12 of the Dungeon.
You worshipped Dithmenos.
Dithmenos was extremely pleased with you.
You visited 3 branches of the dungeon, and saw 19 of its levels.

You collected 1051 gold pieces.
You spent 264 gold pieces at shops.

Inventory:

Hand Weapons
 a - a +7 dagger of venom (weapon)
 C - a +0 long sword of freezing
 U - a +3 quick blade
Missiles
 y - 38 poisoned darts (quivered)
 D - a throwing net
Armour
 i - a +2 robe of resistance (worn)
 m - a +0 helmet (worn)
 p - +0 fire dragon scales
 G - a +0 cloak (worn)
 H - a +2 pair of boots of stealth (worn)
 I - +0 acid dragon scales
 L - a +0 troll leather armour
 O - the +1 ring mail "Ezaychaul" {rC+}
   (You found it on level 1 of the Lair of Beasts)

   rC:        It protects you from cold.
 Q - +0 ice dragon scales
 X - a +1 pair of gloves (worn)
Jewellery
 f - an amulet of magic regeneration (around neck)
 h - an amulet of reflection
 l - a ring of protection from cold
 n - a ring of willpower
 A - a ring of protection from fire
 J - a ring of see invisible (left hand)
 N - a ring of magical power (right hand)
Wands
 c - a wand of digging (5)
 t - a wand of iceblast (8)
 v - a wand of paralysis (16)
 K - a wand of flame (27)
 S - a wand of mindburst (9)
 W - a wand of acid (7)
Scrolls
 d - 6 scrolls of identify
 s - 2 scrolls of teleportation
 x - 4 scrolls of fog
 B - 3 scrolls of amnesia
 P - 2 scrolls of enchant armour
 R - a scroll of brand weapon {unknown}
 Y - a scroll of silence {unknown}
Potions
 b - 4 potions of magic
 e - 3 potions of mutation
 g - 10 potions of curing
 j - 3 potions of heal wounds
 k - 7 potions of attraction
 o - 3 potions of brilliance
 q - a potion of invisibility
 r - 3 potions of haste
 u - 2 potions of resistance
 w - 4 potions of might
 z - 4 potions of flight
 E - a potion of lignification
 F - a potion of ambrosia
 V - 4 potions of berserk rage
Miscellaneous
 M - a tin of tremorstones (inert)
 T - a lightning rod (3/4)


   Skills:
 * Level 8.0 Fighting
 * Level 7.5 Short Blades
 + Level 1.6 Throwing
 * Level 7.3 Dodging
 + Level 5.9 Stealth
 * Level 13.6 Spellcasting
 + Level 11.8 Necromancy
 * Level 7.2 Translocations
 * Level 7.6 Invocations
 * Level 4.2 Evocations


You had 20 spell levels left.
You knew the following spells:

 Your Spells              Type           Power      Damage    Failure   Level
a - Manifold Assault      Tloc           40%        N/A       7%          5
b - Vampiric Draining     Necr           55%        2d9       1%          3
c - Agony                 Necr           55%        N/A       1%          5
d - Pain                  Necr           100%       1d9       1%          1
e - Blink                 Tloc           80%        N/A       1%          2
f - Animate Dead          Necr           27%        N/A       1%          4

Your spell library contained the following spells:

 Spells                   Type           Power      Damage    Failure   Level
 Animate Skeleton         Necr           100%       N/A       1%          1
 Apportation              Tloc           80%        N/A       1%          1
 Lesser Beckoning         Tloc           40%        N/A       1%          3
 Ensorcelled Hibernation  Hex/Ice        24%        N/A       8%          2
 Passwall                 Tmut/Erth      10%        N/A       8%          2
 Swiftness                Air            12%        N/A       16%         3
 Alistair's Intoxication  Tmut/Pois      8%         N/A       82%         5
 Conjure Ball Lightning   Conj/Air       6%         3x3d6     100%        6
 Discord                  Hex            6%         N/A       100%        8
 Disjunction              Tloc           20%        N/A       100%        8


Dungeon Overview and Level Annotations

Branches:
Dungeon (12/15)            Temple (1/1) D:4            Lair (6/6) D:11
 Shoals (0/4) Lair:2       Spider (0/4) Lair:2        Slime (0/5) Lair:6
    Orc: D:9-12

Altars:
Ashenzari
Cheibriados
Dithmenos
Elyvilon
Fedhas
Gozag
Kikubaaqudgha
Makhleb
Nemelex Xobeh
Okawaru
Qazlal
Ru
Sif Muna
Trog
Uskayaw
Vehumet
Wu Jian
Xom
Yredelemnul
Zin
The Shining One
Jiyva
Lugonu

Shops:
D:3 [   D:8 [

Portals:
Abyss: Lair:3

Annotations:
D:3 1 runed translucent door, Crazy Yiuf, Grinder
D:6 Dowan
D:9 2 transporters, ouz's ghost, novice VSBr
D:10 exclusion: door
D:11 exclusion: hydra
D:12 Rupert
Lair:6 1 runed translucent door, Miritol's ghost, journeyman KoBe


Innate Abilities, Weirdness & Mutations

You have razor-sharp teeth.
Your natural rate of healing is unusually fast.
When hurt, damage is shared between your health and your magic reserves.
Your bite disrupts and absorbs the magic of your enemies.
Potions cannot restore your health.


Message History

You hit the skeletal warrior but do no damage.
You bite the skeletal warrior, but do no damage.
The skeletal warrior is lightly damaged.
The skeletal warrior hits you with a +3 scimitar of freezing!
The skeletal warrior freezes you.
You hit the skeletal warrior but do no damage.
You bite the skeletal warrior, but do no damage.
The skeletal warrior is lightly damaged.
You hit the skeletal warrior but do no damage.
You bite the skeletal warrior, but do no damage.
The skeletal warrior is lightly damaged.
Your shadow hits the skeletal warrior but does no damage.
The skeletal warrior hits you with a +3 scimitar of freezing!!
* * * LOW HITPOINT WARNING * * *
The skeletal warrior freezes you.
* * * LOW HITPOINT WARNING * * *
Unknown command.
Unknown command.
You hit the skeletal warrior but do no damage.
Your bite misses the skeletal warrior.
The skeletal warrior is lightly damaged.
Unknown command.
You barely miss the skeletal warrior. Your bite misses the skeletal warrior.
The skeletal warrior is lightly damaged.
Your shadow hits the skeletal warrior but does no damage.
The skeletal warrior hits you with a +3 scimitar of freezing!!
* * * LOW HITPOINT WARNING * * *
The skeletal warrior freezes you.
* * * LOW HITPOINT WARNING * * *
Unknown command.
The skeletal warrior attacks as you move away!
The skeletal warrior hits you with a +3 scimitar of freezing!
* * * LOW HITPOINT WARNING * * *
The skeletal warrior freezes you.
* * * LOW HITPOINT WARNING * * *
Unknown command.
As you read the scroll of teleportation, it crumbles to dust.
You feel strangely unstable.
The skeletal warrior hits you with a +3 scimitar of freezing!
You die...

#.# #.########### #...........#
#.#########.# #.#########.#
##≈........#.#
######≈≈≈###....#.###############
.....≈≈≈≈.................>......
...#≈÷≈≈≈###....@z......#########
...#≈≈≈≈≈###...########.#
...#≈≈≈≈≈......'........#
...#≈≈≈≈≈###...##########.#.
####≈≈≈≈≈..............≈≈...# #
#≈≈≈≈≈.##.....#####≈≈≈≈..# ##
##≈≈≈≈.##.....# ##≈≈≈≈≈≈.#### .#
##≈≈≈.##.....# #≈≈≈≈≈≈≈≈...# .##
##≈..##.....##≈≈≈≈≈≈≈≈≈≈#.#


You could see a skeletal warrior.

Vanquished Creatures
  Kirke (D:12)
  A fire dragon (Lair:6)
  2 hydras
  2 catoblepae (Lair:6)
  2 two-headed ogres (D:11)
  3 death yaks (Lair:5)
  A swamp dragon (Lair:6)
  2 wolf spiders (Lair:6)
  A deep elf pyromancer (D:10)
  13 elephants
  5 manticores
  Maurice (D:8)
  10 black mambas
  A torpor snail (Lair:4)
  A guardian serpent (Lair:6)
  15 cane toads
  2 unseen horrors
  11 komodo dragons
  5 rime drakes
  2 trolls
  2 polar bears
  2 hornets
  A slime creature (D:10)
  A wind drake (Lair:2)
  7 blink frogs
  5 dream sheep (Lair:6)
  A vampire (D:11)
  2 shadows
  3 wraiths (D:10)
  2 hogs (D:12)
  2 water elementals (D:12)
  18 wyverns
  4 fire bats (D:10)
  72 yaks
  5 basilisks
  3 steam dragons
  4 redbacks
  21 water moccasins
  Duvessa (D:6)
  4 acid dragons
  An ice beast (D:6)
  3 orc warriors
  2 sky beasts
  3 black bears
  A centaur (D:11)
  12 wolves
  6 kobold brigands
  16 bullfrogs
  A necrophage (D:6)
  A scorpion (D:6)
  A gnoll sergeant (D:12)
  3 electric eels
  A howler monkey (D:11)
  3 hounds
  2 jellies (D:7)
  7 orc priests
  Jessica (D:3)
  A gnoll shaman (D:5)
  7 iguanas
  Natasha (twice) (D:3)
  9 orc wizards
  7 hell rats
  Robin (D:2)
  10 gnolls
  4 adders
  3 shadow imps
  3 worms
  4 dart slugs
  29 orcs
  8 endoplasms
  4 giant cockroaches
  17 goblins
  9 hobgoblins
  24 kobolds
  5 quokkas
  8 ball pythons
  6 bats
  4 frilled lizards
  9 rats
  A lurking horror (Lair:3)
480 creatures vanquished.

Vanquished Creatures (collateral kills)
  A hornet (Lair:6)
  A wyvern (Lair:6)
2 creatures vanquished.

Vanquished Creatures (others)
  A deep elf pyromancer (D:12)
  2 humans (D:12)
  A bush (Lair:6)
  64 fungi
  127 plants
  2 withered plants (Lair:6)
197 creatures vanquished.

Grand Total: 679 creatures vanquished

Notes
Turn   | Place    | Note
-------+----------+-------------------------------------------
     0 | D:1      | Morbidden the Vine Stalker Necromancer began the quest for
                  | the Orb.
     0 | D:1      | Reached XP level 1. HP: 9/9 MP: 4/4
   414 | D:1      | Reached XP level 2. HP: 10/13 MP: 3/6
  1362 | D:1      | Reached XP level 3. HP: 14/16 MP: 5/7
  1455 | D:1      | Learned a level 3 spell: Vampiric Draining
  2566 | D:2      | Reached skill level 3 in Spellcasting
  2667 | D:2      | Gained mutation: Your natural rate of healing is unusually
                  | fast. [Vine Stalker growth]
  2667 | D:2      | Reached XP level 4. HP: 11/21 MP: 4/9
  2960 | D:2      | Noticed Robin
  2967 | D:2      | Killed Robin
  3286 | D:2      | Found a blossoming altar of Fedhas.
  3406 | D:3      | Noticed Jessica
  3412 | D:3      | Killed Jessica
  3413 | D:3      | Reached XP level 5. HP: 25/25 MP: 5/11
  3469 | D:3      | Found a runed translucent door.
  3470 | D:3      | Noticed Crazy Yiuf
  3513 | D:3      | Reached skill level 5 in Necromancy
  3526 | D:3      | Noticed Natasha
  3533 | D:3      | Killed Natasha
  3685 | D:3      | Noticed Grinder
  3698 | D:3      | Paralysed by Grinder for 3 turns
  3712 | D:3      | Found Cinkuec's Antique Armour Boutique.
  3721 | D:3      | Reached skill level 1 in Fighting
  3721 | D:3      | Noticed Natasha
  3729 | D:3      | Killed Natasha
  3730 | D:3      | Reached skill level 1 in Short Blades
  3777 | D:3      | Paralysed by Grinder for 6 turns
  3842 | D:4      | Found a staircase to the Ecumenical Temple.
  3852 | Temple   | Entered the Ecumenical Temple
  3961 | Temple   | Became a worshipper of Dithmenos the Shadowed
  4127 | D:4      | Reached XP level 6. HP: 28/30 MP: 12/12
  4170 | D:4      | Reached skill level 4 in Spellcasting
  4574 | D:4      | Noticed a water elemental
  4576 | D:4      | Found a stormy altar of Qazlal.
  4578 | D:4      | Noticed a fire elemental
  4578 | D:4      | Noticed an air elemental
  4995 | D:5      | Entered Level 5 of the Dungeon
  5095 | D:5      | Reached XP level 7. HP: 35/35 MP: 8/14
  5107 | D:5      | Reached skill level 1 in Invocations
  5138 | D:5      | Identified the +1 robe of a ziggurat {-Cast rN+ Str+2
                  | Dex+4}
  5326 | D:5      | Reached * piety under Dithmenos
  6194 | D:6      | Reached skill level 5 in Spellcasting
  6194 | D:6      | Gained mutation: You have razor-sharp teeth. [Vine Stalker
                  | growth]
  6194 | D:6      | Reached XP level 8. HP: 39/39 MP: 2/16
  6200 | D:6      | Learned a level 5 spell: Agony
  6476 | D:6      | Found a broken altar of Ashenzari.
  6590 | D:6      | Noticed Duvessa
  6590 | D:6      | Noticed Dowan
  6600 | D:6      | Killed Duvessa
  7223 | D:7      | Found a shimmering altar of Xom.
  7225 | D:7      | Found a shimmering altar of Xom.
  7225 | D:7      | Found a shimmering altar of Xom.
  7227 | D:7      | Found a shimmering altar of Xom.
  7227 | D:7      | Found a shimmering altar of Xom.
  7247 | D:7      | Reached skill level 6 in Spellcasting
  7524 | D:8      | Noticed Maurice
  7540 | D:8      | Killed Maurice
  7541 | D:8      | Reached XP level 9. HP: 45/45 MP: 14/20
  7757 | D:8      | Found a sacrificial altar of Ru.
  7758 | D:8      | Found a snail-covered altar of Cheibriados.
  7863 | D:8      | Found Cefyrph's Armour Boutique.
  7873 | D:8      | Bought a +1 pair of boots of stealth for 264 gold pieces
  8134 | D:8      | Found a glowing silver altar of Zin.
  8141 | D:8      | Found a radiant altar of Vehumet.
  8145 | D:8      | Found an iron altar of Okawaru.
  8238 | D:8      | Reached ** piety under Dithmenos
  8326 | D:8      | Reached skill level 7 in Spellcasting
  8712 | D:9      | Found a transporter.
  8724 | D:9      | Noticed ouz's ghost (novice VSBr)
  8737 | D:9      | Found a transporter.
  9052 | D:9      | Noticed a hornet
  9057 | D:9      | Killed a hornet
  9137 | D:9      | Found an ornate altar of the Wu Jian Council.
  9174 | D:9      | Found a blossoming altar of Fedhas.
  9427 | D:9      | Reached XP level 10. HP: 51/51 MP: 22/22
  9572 | D:10     | Entered Level 10 of the Dungeon
  9592 | D:9      | Reached skill level 8 in Spellcasting
  9868 | D:10     | Reached *** piety under Dithmenos
  9940 | D:10     | Reached skill level 5 in Fighting
 10425 | D:10     | Identified the +11 rapier of Exquisite Torment {antimagic,
                  | rPois Str+5}
 10544 | D:10     | Noticed an unseen horror
 10555 | D:10     | Killed an unseen horror
 10556 | D:10     | Reached skill level 5 in Short Blades
 10556 | D:10     | Reached skill level 9 in Spellcasting
 10686 | D:10     | Learned a level 5 spell: Manifold Assault
 10693 | D:10     | Found a basalt altar of Yredelemnul.
 10887 | D:11     | Reached XP level 11. HP: 32/56 MP: 23/25
 10948 | D:11     | Noticed a four-headed hydra
 10971 | D:11     | Found a staircase to the Lair.
 11008 | D:11     | Reached skill level 1 in Translocations
 11022 | D:11     | Noticed a deep elf pyromancer
 11024 | D:11     | Noticed a manticore
 11026 | D:11     | Reached skill level 5 in Dodging
 11038 | D:11     | Killed a manticore
 11078 | D:11     | Noticed a skeletal warrior
 11137 | D:11     | Noticed a two-headed ogre
 11143 | D:11     | Noticed a six-headed hydra
 11170 | D:11     | Noticed a manticore
 11179 | D:11     | Killed a manticore
 11179 | D:11     | Noticed a two-headed ogre
 11235 | D:11     | Noticed a skeletal warrior
 11236 | D:11     | Noticed a skeletal warrior
 11321 | D:11     | Killed a two-headed ogre
 11379 | D:11     | Noticed a manticore
 11390 | D:10     | Killed a deep elf pyromancer
 11391 | D:10     | Reached skill level 5 in Invocations
 11412 | D:11     | Noticed a manticore
 11451 | D:10     | Killed a manticore
 11944 | D:11     | Killed a two-headed ogre
 12062 | Lair:1   | Entered Level 1 of the Lair of Beasts
 12088 | Lair:1   | Reached **** piety under Dithmenos
 12106 | Lair:1   | Reached skill level 10 in Spellcasting
 12191 | Lair:1   | Identified the +1 ring mail "Ezaychaul" {rC+}
 12517 | Lair:1   | Reached skill level 10 in Necromancy
 12524 | Lair:1   | Reached skill level 5 in Stealth
 12524 | Lair:1   | Reached XP level 12. HP: 45/61 MP: 13/27
 12596 | Lair:1   | Reached skill level 1 in Throwing
 13421 | Lair:2   | Found a hole to the Spider Nest.
 13623 | Lair:2   | Found a staircase to the Shoals.
 13878 | Lair:2   | Noticed a seven-headed hydra
 14190 | Lair:2   | Identified the +5 hand axe of Instant Death {holy, Str+4}
 14430 | Lair:3   | Reached skill level 11 in Spellcasting
 14726 | Lair:3   | Reached skill level 1 in Evocations
 15017 | Lair:3   | Found a corrupted altar of Lugonu.
 15017 | Lair:3   | Found a one-way gate to the infinite horrors of the Abyss.
 15216 | Lair:4   | Reached XP level 13. HP: 66/66 MP: 29/29
 16152 | Lair:5   | Reached skill level 5 in Translocations
 16301 | Lair:5   | Learned a level 2 spell: Blink
 16326 | Lair:5   | Reached ***** piety under Dithmenos
 16784 | Lair:6   | Entered Level 6 of the Lair of Beasts
 16953 | Lair:6   | Reached skill level 12 in Spellcasting
 17059 | Lair:6   | Identified a scroll of acquirement
 17059 | Lair:6   | Acquired a +3 quick blade
 17064 | Lair:6   | Found a runed translucent door.
 17064 | Lair:6   | Noticed Miritol's ghost (journeyman KoBe)
 17067 | Lair:6   | Noticed a fire dragon
 17179 | Lair:6   | HP: 5/100 [poisoned by a cane toad]
 17315 | Lair:6   | Learned a level 4 spell: Animate Dead
 17484 | Lair:6   | Reached XP level 14. HP: 50/72 MP: 30/31
 18450 | Lair:6   | Reached skill level 13 in Spellcasting
 20311 | Lair:6   | Found a viscous altar of Jiyva.
 20312 | Lair:6   | Found a staircase to the Slime Pits.
 21419 | D:12     | Noticed Kirke
 21444 | D:12     | Killed Kirke
 21475 | D:12     | Noticed Rupert
 21696 | D:12     | HP: 3/73 [skeletal warrior/+3 scimitar of freezing (5)]
 21697 | D:12     | Mangled by a skeletal warrior

Illustrated notes

Levels and vault maps discovered:
D:1:      mrwooster_arrival_statue_3, layout_loops_ring
D:2:      layout_basic, basic_altar, uniq_robin
D:3:      layout_loops_cross, lemuel_tele_altar, serial_shops, shop,
          minmay_misc_feat_doors, minmay_quantized, uniq_natasha,
          uniq_crazy_yiuf_cottage, uniq_jessica, uniq_grinder
D:4:      layout_basic, nicolae_qazlal_style_of_elements,
          minmay_temple_entry_antechambers, hangedman_decor_push,
          grunt_ministairs_8, chequers_serial_rivers_marsh
D:5:      layout_layer_cave
D:6:      layout_basic, evilmike_ruin_ashenzari, uniq_duvessa
D:7:      layout_basic, xom_shifter_show
D:8:      layout_cave_pods, nicolae_overflow_hidden_temple, serial_shops, shop,
          uniq_maurice
D:9:      layout_loops_corners, nicolae_wu_jian_glorious_leap,
          general_overflow_altar, gammafunk_ghost_stat_death
D:10:     layout_loops_ring, lemuel_coloured_pillars_altar,
          chequers_serial_rivers_small_b, nrook_campfire, hangedman_incinerator
D:11:     cheibrodos_fzero, layout_irregular_city, due_lair_maze_entry_diamond
D:12:     layout_basic, uniq_rupert, uniq_kirke
Temple:   eino_temple_lava
Lair:1:   layout_cave_shapes
Lair:2:   layout_cave_pods, minmay_shoals_entry_beasts, spider_nest_entry_webs,
          lemuel_fruit_tree
Lair:3:   layout_misc_corridors, amcnicky_altar_lugonu_corruption
Lair:4:   layout_hall_layers, grunt_megastairs_4, infiniplex_staircase_pool
Lair:5:   layout_hall_layers, chequers_serial_rivers_micro_c
Lair:6:   hangedman_lair_tendril_chambers, layout_loops_ring,
          guppyfry_lair_end_dragon, slime_altar_1, gammafunk_ghost_grave

Skill      XL: |  1  2  3  4  5  6  7  8  9 10 11 12 13 14 |
---------------+-------------------------------------------+-----
Spellcasting   | 3 4 5 6 7 9 10 11 12 13 | 13.6
Necromancy     | 5 6 7 8 10 11 | 11.8
Dodging        | 2 3 4 5 6 7 |  7.3
Fighting       | 1 2 3 4 5 6 7 8 |  8.0
Short Blades   | 1 2 3 4 5 6 7 |  7.5
Invocations    | 1 2 3 4 5 6 7 |  7.6
Stealth        | 3 4 5 |  5.9
Translocations | 3 4 5 7 |  7.2
Throwing       | 1 |  1.6
Evocations     | 1 2 4 |  4.2

Action                   |  1- 3 |  4- 6 |  7- 9 | 10-12 | 13-15 || total
-------------------------+-------+-------+-------+-------+-------++-------
Melee: Unarmed           |     3 |       |       |       |       ||     3
       Dagger            |     1 |    87 |   155 |   453 |   741 ||  1437
       Bite              |       |    17 |    43 |   195 |   254 ||   509
       Punch             |       |       |     4 |     9 |    13 ||    26
Throw: Dart              |       |       |       |    48 |    16 ||    64
 Cast: Pain              |    78 |    51 |    25 |    26 |     6 ||   186
       Vampiric Draining |       |     6 |    49 |   122 |   180 ||   357
       Agony             |       |       |       |     7 |    25 ||    32
       Animate Dead      |       |       |       |       |     7 ||     7
       Manifold Assault  |       |       |       |       |   145 ||   145
Invok: Shadow Step       |       |       |       |     1 |       ||     1
Evoke: Wand              |       |       |       |     3 |       ||     3
       Tin of tremorston |       |       |       |     2 |     2 ||     4
       Lightning rod     |       |       |       |       |     3 ||     3
  Use: Scroll            |       |     7 |     8 |    11 |    13 ||    39
       Potion            |       |     3 |       |     1 |     2 ||     6
 Stab: Sleeping          |       |     3 |     7 |    16 |     9 ||    35
       Paralysed         |       |       |       |     2 |       ||     2
       Distracted        |       |       |       |       |     1 ||     1
Armor: Robe              |     4 |    28 |    53 |   161 |   238 ||   484
       Skin              |       |       |       |       |     6 ||     6
Dodge: Dodged            |    10 |    59 |   107 |   427 |   642 ||  1245

Table legend: (Time is in decaauts)
 A = Elapsed time spent in this place.
 B = Non-inter-level travel time spent in this place.
 C = Inter-level travel time spent in this place.
 D = Time resting spent in this place.
 E = Time spent auto-exploring this place.
 F = Levels seen in this place.
 G = Mean time per level.
                   A        B        C        D        E       F      G
               +--------+--------+--------+--------+--------+-----+--------+
         Total |  21414 |  20468 |    946 |   2839 |  13145 |  19 | 1127.1 |
       Dungeon |  12730 |  12214 |    516 |   1628 |   8195 |  12 | 1060.8 |
        Temple |    113 |    106 |      7 |      0 |     69 |   1 |  113.0 |
          Lair |   8569 |   8146 |    423 |   1211 |   4880 |   6 | 1428.2 |
               +--------+--------+--------+--------+--------+-----+--------+

Top non-repeatable levels by time:
  Lair:6: 3029 daAuts
     D:1: 2491 daAuts
    D:10: 1692 daAuts
  Lair:2: 1514 daAuts
  Lair:1: 1260 daAuts
     D:9: 1156 daAuts
     D:5: 1130 daAuts
     D:8: 1110 daAuts
  Lair:5: 1089 daAuts
     D:4: 1069 daAuts
    D:11: 940 daAuts
  Lair:4: 890 daAuts
     D:2: 870 daAuts
     D:6: 794 daAuts
  Lair:3: 785 daAuts
